[Event "Titled Tuesday Blitz April 18 Late 2023"]
[White "Dubreuil, Julien"]
[Black "Ardila, Oscar Humberto"]
[WhiteFideId "621285"]
[BlackFideId "4404742"]
[WhiteElo "2197"]
[BlackElo "1918"]
[Result "0-1"]
[Round "08"]
[TimeControl "180+2"]
[Date "2023.04.18"]
[WhiteClock "0:00:03"]
[BlackClock "0:00:13"]

1. e4 e5 2. Nf3 Nf6 3. Nc3 Nc6 4. g3 d6 5. Bg2 g6 6. d4 exd4 7. Nxd4 Nxd4 8. Qxd4 Bg7 9. Bg5 h6 10. Bf4 O-O 11. Qd3 Re8 12. O-O-O Ng4 13. Rhf1 Nxh2 14. Rh1 Ng4 15. Rdf1 h5 16. f3 Ne5 17. Qd2 Be6 18. g4 Nc4 19. Qd3 Qf6 20. Be3 Nxe3 21. Qxe3 hxg4 22. fxg4 Qd4 23. Qf3 b5 24. g5 b4 25. Nd1 Bxa2 26. Qh3 Bc4 27. Qh7+ Kf8 28. Rf3 Rxe4 29. Nf2 Qxb2+ 30. Kd1 Be2+ 31. Kd2 Bc3+ 32. Rxc3 Qxc3+ 33. Kc1 Rae8 0-1


[Site "https://www.chess.com"]

[Event "Titled Tuesday Blitz April 18 Late 2023"]
[White "Prohorov, Olexandr"]
[Black "Kujawski, Adam"]
[WhiteFideId "14105578"]
[BlackFideId "1100920"]
[WhiteElo "1966"]
[BlackElo "2054"]
[Result "1-0"]
[Round "08"]
[TimeControl "180+2"]
[Date "2023.04.18"]
[WhiteClock "0:00:08"]
[BlackClock "0:00:05"]

1. c4 e5 2. Nc3 Nc6 3. g3 g6 4. Bg2 Bg7 5. e3 d6 6. Nge2 h5 7. h4 Bg4 8. Rb1 a5 9. a3 Be6 10. d3 Nge7 11. b4 axb4 12. axb4 d5 13. b5 Nb8 14. cxd5 Nxd5 15. O-O O-O 16. Ne4 Bg4 17. Qc2 Bxe2 18. Qxe2 f5 19. Ng5 Nc3 20. Qc2 Nxb1 21. Ne6 Qd6 22. Nxf8 Na3 23. Qb3+ Kxf8 24. Bxb7 Ra7 25. Ba6 Nxa6 26. Bxa3 Nc5 27. Qc3 Rxa3 28. Qxa3 Ke7 29. Rc1 Nd7 30. Qb3 Qe6 31. Qxe6+ Kxe6 32. Rc6+ Ke7 33. Rxc7 Kd6 34. Rb7 Bf6 35. Kg2 Bd8 36. Kf3 Bb6 37. e4 Bc7 38. Ra7 Nb6 39. exf5 gxf5 40. Ra2 Nd7 41. Rc2 Bb6 42. Rc6+ Kd5 43. Rh6 e4+ 44. dxe4+ fxe4+ 45. Ke2 Bc5 46. Rxh5+ Kc4 47. b6 Nxb6 48. Re5 Nd5 49. Rxe4+ Kb5 50. Re5 Kc6 51. Rf5 Nc3+ 52. Kd3 Nd5 53. h5 Ne7 54. Rf6+ Kd5 55. h6 Bd4 56. Rf4 Be5 57. Rh4 Nf5 58. Rh5 Ne7 59. h7 Ng6 60. f4 Ke6 61. fxe5 Kd5 62. e6+ Kxe6 63. Rh6 Kf5 64. Rxg6 Kxg6 65. h8=Q Kf5 66. Qg7 1-0


[Site "https://www.chess.com"]

[Event "Titled Tuesday Blitz April 18 Late 2023"]
[White "Marin Masis, Jose Esteban"]
[Black "Nemsko"]
[WhiteFideId "6508146"]
[WhiteElo "1838"]
[BlackElo "2288"]
[Result "0-1"]
[Round "08"]
[TimeControl "180+2"]
[Date "2023.04.18"]
[WhiteClock "0:00:05"]
[BlackClock "0:01:29"]

1. e4 e5 2. Nf3 Nc6 3. Bb5 a6 4. Ba4 Nf6 5. d3 b5 6. Bb3 Be7 7. O-O O-O 8. a4 Rb8 9. axb5 axb5 10. Nc3 d6 11. h3 h6 12. Be3 Be6 13. Nd5 Qd7 14. Kh2 Ra8 15. Qd2 Kh7 16. c3 Rfb8 17. Ng1 Nd8 18. f4 Rxa1 19. Rxa1 c6 20. Ra7 Rb7 21. Rxb7 Qxb7 22. Nxf6+ Bxf6 23. Bxe6 Nxe6 24. f5 Nc7 25. Nf3 Qa6 26. Qc2 Qa2 27. d4 Qc4 28. Nd2 Qe2 29. Bg1 Bg5 30. dxe5 dxe5 31. Qb3 Qxd2 32. Qxf7 Qd6 33. Bc5 Qxc5 34. Qxc7 Bf4+ 35. Kh1 Qf2 0-1


[Site "https://www.chess.com"]

[Event "Titled Tuesday Blitz April 18 Late 2023"]
[White "Chemin, Justo Reinaldo"]
[Black "Rose, Felix"]
[WhiteFideId "2101580"]
[BlackFideId "5105722"]
[WhiteElo "1940"]
[BlackElo "2039"]
[Result "0-1"]
[Round "08"]
[TimeControl "180+2"]
[Date "2023.04.18"]
[WhiteClock "0:00:03"]
[BlackClock "0:00:27"]

1. e4 e5 2. Nf3 Nc6 3. Bb5 a6 4. Ba4 Nf6 5. d3 b5 6. Bb3 Bc5 7. Nc3 h6 8. O-O O-O 9. h3 Re8 10. Be3 Bf8 11. Re1 Na5 12. Nh2 Bb7 13. f4 Nxb3 14. axb3 d5 15. fxe5 Rxe5 16. d4 Re6 17. e5 Ne4 18. Nxe4 dxe4 19. c3 Qd5 20. b4 f6 21. exf6 Rxf6 22. Ng4 Rg6 23. Ne5 Re6 24. Qg4 a5 25. bxa5 c5 26. Rf1 cxd4 27. cxd4 Bd6 28. Ng6 h5 29. Nf4 hxg4 30. Nxd5 Bxd5 31. hxg4 Bb4 32. a6 Bc4 33. Rf5 Rexa6 34. Rc1 Ra1 35. Rxa1 Rxa1+ 36. Kh2 Rb1 37. Re5 Rxb2 38. Rxe4 Bd5 39. Re8+ Kf7 40. Rd8 Bxg2 0-1


[Site "https://www.chess.com"]

[Event "Titled Tuesday Blitz April 18 Late 2023"]
[White "Tyagi, Kushan"]
[Black "ritanovikova"]
[WhiteFideId "2040069"]
[WhiteElo "2269"]
[BlackElo "2131"]
[Result "1-0"]
[Round "08"]
[TimeControl "180+2"]
[Date "2023.04.18"]
[WhiteClock "0:01:06"]
[BlackClock "0:00:30"]

1. d4 d5 2. c4 dxc4 3. Nf3 Nf6 4. e3 c5 5. Bxc4 cxd4 6. exd4 Nc6 7. Nc3 Bg4 8. Qb3 e6 9. Qxb7 Bxf3 10. gxf3 Rb8 11. Qxc6+ Nd7 12. Bb5 Bb4 13. Bf4 Rc8 14. Qxd7+ Qxd7 15. Bxd7+ Kxd7 16. O-O-O Bxc3 17. bxc3 Rxc3+ 18. Kd2 Rxf3 19. Be3 Kc6 20. Rc1+ Kd5 21. Rc5+ Kd6 22. Rhc1 Ke7 23. Rc7+ Kf6 24. Rxa7 Kg6 25. Rcc7 Rb8 26. Rcb7 Rc8 27. a4 Rf5 28. Rb5 Rf3 29. a5 Rc4 30. Ke2 Rh3 31. Rbb7 Rxh2 32. Rxf7 1-0


[Site "https://www.chess.com"]

[Event "Titled Tuesday Blitz April 18 Late 2023"]
[White "Georg, Heinz"]
[Black "Manu_ChessExcelsior"]
[WhiteFideId "4607295"]
[WhiteElo "2259"]
[BlackElo "1988"]
[Result "1-0"]
[Round "08"]
[TimeControl "180+2"]
[Date "2023.04.18"]
[WhiteClock "0:00:06"]
[BlackClock "0:00:04"]

1. b4 d5 2. Bb2 Bf5 3. e3 Nf6 4. c4 e6 5. Nf3 Nbd7 6. a3 c6 7. d3 Bd6 8. Nbd2 O-O 9. cxd5 exd5 10. Be2 Re8 11. h3 Nf8 12. O-O Qd7 13. Nh2 Rad8 14. Bxf6 gxf6 15. Ng4 Re6 16. Nh6+ Kh8 17. Nxf5 Bc7 18. Bg4 Bb8 19. Nd4 Qc7 20. g3 Ree8 21. Qf3 Nd7 22. Bf5 Ne5 23. Qh5 Ng6 24. N2f3 Rg8 25. Kh2 Rde8 26. Rg1 Rg7 27. Bg4 Ne5 28. Nf5 Nxf3+ 29. Bxf3 Rg5 30. Qh4 Rxf5 31. Kg2 Rg8 32. e4 Rfg5 33. Bg4 dxe4 34. dxe4 Qe5 35. Rae1 Qb2 36. Re2 Qxa3 37. f4 R5g6 38. Kh2 Qxb4 39. Bf5 R6g7 40. Qxf6 Qc4 41. Reg2 Qc5 42. e5 Bc7 43. h4 Bb6 44. h5 Qf8 45. h6 Bxg1+ 46. Rxg1 Qe8 47. hxg7+ Rxg7 48. Kg2 Kg8 49. Rh1 Qf8 50. Qd6 Qe8 51. Qd7 Qf8 52. Qd6 Qe8 53. Rb1 f6 54. e6 Kh8 55. Rd1 Qg8 56. Qd8 Rxg3+ 57. Kf2 Rg2+ 58. Ke3 Rg3+ 59. Ke4 Qxd8 60. Rxd8+ Kg7 61. e7 Kf7 62. e8=Q+ Kg7 63. Qg8+ Kh6 64. Qxh7# 1-0


[Site "https://www.chess.com"]

[Event "Titled Tuesday Blitz April 18 Late 2023"]
[White "Vargas, Mauricio"]
[Black "Antonio, Jorge Carlos"]
[WhiteFideId "4404572"]
[BlackFideId "113190"]
[WhiteElo "1998"]
[BlackElo "2247"]
[Result "0-1"]
[Round "08"]
[TimeControl "180+2"]
[Date "2023.04.18"]
[WhiteClock "0:00:01"]
[BlackClock "0:01:11"]

1. e4 c5 2. f4 e6 3. Nf3 Nc6 4. Nc3 d6 5. d3 g6 6. g3 Bg7 7. Bg2 Nge7 8. O-O O-O 9. Ne2 Rb8 10. c3 b5 11. g4 f5 12. gxf5 exf5 13. Ng5 h6 14. Qb3+ c4 15. dxc4 hxg5 16. cxb5+ Kh7 17. fxg5 Na5 18. Qb4 Be6 19. exf5 Nxf5 20. Nf4 Bf7 21. Nd5 Bxd5 22. Bxd5 Qb6+ 23. Kh1 Qxb5 24. Rxf5 Qxb4 25. cxb4 Rxf5 26. Be4 Re5 27. Bg2 Rxb4 28. Bf4 Rxf4 29. Rc1 Nc4 30. b3 Ne3 31. Bc6 Rxg5 0-1


[Site "https://www.chess.com"]

[Event "Titled Tuesday Blitz April 18 Late 2023"]
[White "Fuzesabonyilaci"]
[Black "tandercat"]
[WhiteElo "2321"]
[BlackElo "1972"]
[Result "0-1"]
[Round "08"]
[TimeControl "180+2"]
[Date "2023.04.18"]
[WhiteClock "0:00:05"]
[BlackClock "0:00:07"]

1. e4 c5 2. Nf3 Nc6 3. Bb5 g6 4. O-O Bg7 5. Re1 Nf6 6. e5 Nd5 7. Nc3 Nc7 8. Bxc6 dxc6 9. Ne4 Ne6 10. d3 O-O 11. Be3 b6 12. Qd2 Nd4 13. Nxd4 cxd4 14. Bh6 Qd5 15. Bxg7 Kxg7 16. Ng3 c5 17. Qg5 Qe6 18. Re4 f6 19. exf6+ exf6 20. Qf4 Qd7 21. Rae1 Rf7 22. h4 Bb7 23. R4e2 Qd5 24. f3 h5 25. Re8 Rxe8 26. Rxe8 Bc6 27. Rb8 Qe5 28. Qxe5 fxe5 29. Kf2 Bd5 30. a3 Bc6 31. Ne2 Bd5 32. Ng1 e4 33. dxe4 Bxe4 34. Ke2 Bxc2 35. Kd2 Bf5 36. Ne2 Re7 37. Nf4 Re3 38. Nd5 Re6 0-1


[Site "https://www.chess.com"]

[Event "Titled Tuesday Blitz April 18 Late 2023"]
[White "Vanek, Tomas"]
[Black "KorolDimitriy75"]
[WhiteFideId "313459"]
[WhiteElo "2052"]
[BlackElo "2353"]
[Result "0-1"]
[Round "08"]
[TimeControl "180+2"]
[Date "2023.04.18"]
[WhiteClock "0:00:05"]
[BlackClock "0:00:07"]

1. a3 c5 2. g3 g6 3. Bg2 Bg7 4. f4 Nc6 5. Nf3 d6 6. O-O e5 7. d3 Nge7 8. e4 O-O 9. Nc3 Nd4 10. Nxd4 cxd4 11. Nd5 Nxd5 12. exd5 Bd7 13. fxe5 dxe5 14. c4 dxc3 15. bxc3 Rc8 16. c4 b5 17. Be3 bxc4 18. dxc4 Rxc4 19. Bxa7 Qa5 20. Be3 e4 21. Rc1 Rxc1 22. Qxc1 Qxd5 23. Rd1 Qe6 24. Bxe4 Rc8 25. Bc5 Qxe4 26. Rxd7 Bf8 27. Rd4 Qxd4+ 28. Bxd4 Rxc1+ 29. Kg2 Rc4 30. Be3 Bxa3 31. Bf4 Bf8 32. Kh3 Bg7 33. Kg4 h5+ 34. Kg5 Kh7 35. h4 f6# 0-1


[Site "https://www.chess.com"]

[Event "Titled Tuesday Blitz April 18 Late 2023"]
[White "Brod, Manfred"]
[Black "Dahlgren, James Allen"]
[WhiteFideId "1602110"]
[BlackFideId "22256873"]
[WhiteElo "2085"]
[BlackElo "2178"]
[Result "0-1"]
[Round "08"]
[TimeControl "180+2"]
[Date "2023.04.18"]
[WhiteClock "0:00:03"]
[BlackClock "0:03:07"]

1. e4 e6 2. d4 c5 3. d5 exd5 4. exd5 d6 5. c4 f5 6. Nc3 Nf6 7. Nf3 g6 8. Bd3 Bg7 9. O-O O-O 10. Re1 a6 11. Bg5 h6 12. Bxf6 Qxf6 13. Qc2 Nd7 14. a4 Ne5 15. Nxe5 dxe5 0-1


[Site "https://www.chess.com"]

[Event "Titled Tuesday Blitz April 18 Late 2023"]
[White "Oliveira, Tiago Batista"]
[Black "Kraus, Tomas"]
[WhiteFideId "2108291"]
[BlackFideId "331708"]
[WhiteElo "1962"]
[BlackElo "2389"]
[Result "1-0"]
[Round "08"]
[TimeControl "180+2"]
[Date "2023.04.18"]
[WhiteClock "0:00:15"]
[BlackClock "0:00:03"]

1. d4 Nf6 2. c4 e6 3. Nf3 Bb4+ 4. Bd2 Qe7 5. g3 Nc6 6. Bg2 Bxd2+ 7. Nbxd2 d6 8. O-O O-O 9. e4 e5 10. d5 Nb8 11. Ne1 a5 12. Nd3 Na6 13. Qc2 Nd7 14. f4 exf4 15. gxf4 Ndc5 16. Rae1 Nb4 17. Nxb4 axb4 18. b3 f6 19. Nf3 Bg4 20. Nd4 Rfe8 21. h3 Bh5 22. Rf2 Bg6 23. Rfe2 Qd7 24. Qd2 Bf7 25. Qxb4 Re7 26. Nf5 Ree8 27. Qc3 Bg6 28. Nd4 Re7 29. Qg3 Rae8 30. f5 Bf7 31. Ne6 Bxe6 32. dxe6 Qd8 33. Kh2 1-0


[Site "https://www.chess.com"]

[Event "Titled Tuesday Blitz April 18 Late 2023"]
[White "Romero Ruscalleda, Josep"]
[Black "Manfroi, Alexander Giannini"]
[WhiteFideId "2231859"]
[BlackFideId "22739335"]
[WhiteElo "2183"]
[BlackElo "1618"]
[Result "1-0"]
[Round "08"]
[TimeControl "180+2"]
[Date "2023.04.18"]
[WhiteClock "0:01:13"]
[BlackClock "0:00:58"]

1. e4 c5 2. c3 e5 3. Nf3 Nc6 4. Bc4 h6 5. O-O Bd6 6. d4 cxd4 7. cxd4 Qc7 8. Nc3 exd4 9. Nb5 Qb8 10. Nfxd4 Bxh2+ 11. Kh1 Be5 12. Nf5 d5 13. exd5 Bxf5 14. dxc6 bxc6 15. Nd4 Qb4 16. Nxf5 Qxc4 17. Re1 f6 18. Nd6+ 1-0


[Site "https://www.chess.com"]

[Event "Titled Tuesday Blitz April 18 Late 2023"]
[White "BebeBonito2022"]
[Black "Dias, Joao Batista"]
[BlackFideId "2108240"]
[WhiteElo "2194"]
[BlackElo "1907"]
[Result "0-1"]
[Round "08"]
[TimeControl "180+2"]
[Date "2023.04.18"]
[WhiteClock "0:01:16"]
[BlackClock "0:01:35"]

1. d4 d5 2. c4 c6 3. cxd5 cxd5 4. Nc3 e6 5. Nf3 Bd6 6. Bg5 Ne7 7. e3 h6 8. Bh4 a6 9. Bd3 O-O 10. O-O Nbc6 11. Rc1 Bd7 12. e4 dxe4 13. Nxe4 Bf4 14. Rb1 Rc8 15. a3 Qa5 16. Bg3 Bxg3 17. hxg3 Nf5 18. Bc2 Rfd8 19. Qd3 g6 20. g4 Nfe7 21. Nd6 Rb8 22. Nc4 Qc7 23. Rfe1 Be8 24. Rbd1 Nd5 25. g3 Qe7 26. Kg2 Qf6 27. Nce5 Nxe5 28. dxe5 Qg7 29. Qe2 Bb5 30. Bd3 Bc6 31. Nd4 Ne3+ 0-1


[Site "https://www.chess.com"]

[Event "Titled Tuesday Blitz April 18 Late 2023"]
[White "Sanchez, Robert"]
[Black "Stanisz, Patryk"]
[WhiteFideId "2034360"]
[BlackFideId "1123106"]
[WhiteElo "1964"]
[BlackElo "2069"]
[Result "0-1"]
[Round "08"]
[TimeControl "180+2"]
[Date "2023.04.18"]
[WhiteClock "0:00:25"]
[BlackClock "0:00:13"]

1. e4 c5 2. Nf3 Nc6 3. Bb5 g6 4. d4 cxd4 5. c3 Bg7 6. Bc4 dxc3 7. Nxc3 e6 8. Nb5 d5 9. exd5 exd5 10. Qxd5 Qxd5 11. Nc7+ Kd8 12. Nxd5 Be6 13. Ng5 Nh6 14. Nxe6+ fxe6 15. Bg5+ Kd7 16. Nf6+ Kc7 17. O-O e5 18. Nd5+ Kd6 19. Rad1 Nd4 20. f4 Nhf5 21. g4 h6 22. fxe5+ Bxe5 23. Bf4 Bxf4 24. Nxf4 Kc5 25. b3 Ne3 26. Nd3+ Kb6 27. Rf6+ Kc7 28. Re1 Ndc2 29. Re2 Rhf8 0-1


[Site "https://www.chess.com"]

[Event "Titled Tuesday Blitz April 18 Late 2023"]
[White "Burke, Paul"]
[Black "Michalski, Olaf"]
[WhiteFideId "2605767"]
[BlackFideId "1106740"]
[WhiteElo "1915"]
[BlackElo "2173"]
[Result "0-1"]
[Round "08"]
[TimeControl "180+2"]
[Date "2023.04.18"]
[WhiteClock "0:00:26"]
[BlackClock "0:00:14"]

1. e4 c5 2. d4 cxd4 3. c3 dxc3 4. Nxc3 Nc6 5. Nf3 a6 6. Bc4 e6 7. O-O Qc7 8. Qe2 Bc5 9. a3 b5 10. Ba2 Nge7 11. e5 Bb7 12. Bf4 Ng6 13. Bg3 Nd4 14. Nxd4 Bxd4 15. Kh1 Bxe5 16. Ne4 Bxg3 17. Nxg3 O-O 18. Rac1 Bc6 19. Bb1 Nf4 20. Qc2 Bxg2+ 21. Kg1 Qxc2 22. Rxc2 Bxf1 23. Kxf1 Rac8 24. Rxc8 Rxc8 0-1


[Site "https://www.chess.com"]

[Event "Titled Tuesday Blitz April 18 Late 2023"]
[White "Novikova, Galina"]
[Black "Manon-og, Ramon Jr."]
[WhiteFideId "4157095"]
[BlackFideId "5200776"]
[WhiteElo "1953"]
[BlackElo "2350"]
[Result "1-0"]
[Round "08"]
[TimeControl "180+2"]
[Date "2023.04.18"]
[WhiteClock "0:02:32"]
[BlackClock "0:01:12"]

1. e4 e5 2. Nf3 Nc6 3. Bc4 Nf6 4. Ng5 Bc5 5. Bxf7+ Ke7 6. Bc4 Qe8 7. Nc3 Rf8 8. O-O Qg6 9. Be2 Bxf2+ 10. Rxf2 Qxg5 11. d4 Qg6 12. dxe5 Nxe5 13. Bf4 d6 14. Bxe5 dxe5 15. Nd5+ Nxd5 16. Rxf8 Kxf8 17. Qxd5 Qe6 18. Rf1+ Kg8 19. Qd8+ 1-0


[Site "https://www.chess.com"]

[Event "Titled Tuesday Blitz April 18 Late 2023"]
[White "Nakamura, Hikaru"]
[Black "Vachier-Lagrave, Maxime"]
[WhiteFideId "2016192"]
[BlackFideId "623539"]
[WhiteElo "2885"]
[BlackElo "2740"]
[Result "0-1"]
[Round "09"]
[TimeControl "180+2"]
[Date "2023.04.18"]
[WhiteClock "0:00:02"]
[BlackClock "0:00:19"]

1. Nf3 d5 2. e3 Nf6 3. d4 e6 4. Bd3 c5 5. O-O b6 6. b3 Bb7 7. Bb2 Nbd7 8. Nbd2 Qc7 9. c4 dxc4 10. Nxc4 Be7 11. Rc1 O-O 12. Qe2 Rfd8 13. Bb1 Be4 14. dxc5 Nxc5 15. Bxe4 Nfxe4 16. Nce5 f6 17. b4 fxe5 18. bxc5 Nxc5 19. Bxe5 Qb7 20. Rc4 Rd5 21. Rg4 Bf8 22. Bd4 Re8 23. Ne5 Nd7 24. f4 Nf6 25. Rh4 Bc5 26. Bb2 Red8 27. Nf3 Rd3 28. Bd4 Qe4 29. f5 Qxe3+ 30. Bxe3 Rxe3 31. Qc4 Rc3+ 32. Kh1 Rxc4 33. Rxc4 exf5 34. h3 Ne4 35. Rb1 Kf7 36. a4 a5 37. g4 g6 38. gxf5 gxf5 39. Re1 Kf6 40. Kg2 Rg8+ 41. Kf1 Rg3 42. Ke2 Rxh3 43. Rf1 Ng3+ 0-1


[Site "https://www.chess.com"]

[Event "Titled Tuesday Blitz April 18 Late 2023"]
[White "Caruana, Fabiano"]
[Black "Suleymanli, Aydin"]
[WhiteFideId "2020009"]
[BlackFideId "13413937"]
[WhiteElo "2837"]
[BlackElo "2559"]
[Result "1-0"]
[Round "09"]
[TimeControl "180+2"]
[Date "2023.04.18"]
[WhiteClock "0:00:39"]
[BlackClock "0:00:06"]

1. e4 e5 2. Nf3 Nc6 3. Bb5 a6 4. Ba4 Nf6 5. d3 b5 6. Bb3 Be7 7. O-O d6 8. a3 O-O 9. Nc3 Bg4 10. Be3 Nd4 11. Bxd4 exd4 12. Nd5 Nxd5 13. Bxd5 Rc8 14. h3 Bxf3 15. Qxf3 c6 16. Bb3 d5 17. exd5 c5 18. Rfe1 Bd6 19. Re4 Qg5 20. Qe2 h5 21. a4 Rfd8 22. h4 Qf5 23. Re1 g6 24. g3 Kg7 25. Kg2 Rc7 26. c3 dxc3 27. bxc3 b4 28. c4 a5 29. d4 cxd4 30. Rxd4 Re7 31. Qd2 Rde8 32. Rxe7 Rxe7 33. c5 Bxc5 34. d6 Bxd4 35. Qxd4+ Qf6 36. Qxf6+ Kxf6 37. dxe7 Kxe7 38. Kf3 1-0


[Site "https://www.chess.com"]

[Event "Titled Tuesday Blitz April 18 Late 2023"]
[White "Yoo, Christopher Woojin"]
[Black "Djordjevic, Vuk"]
[WhiteFideId "30909694"]
[BlackFideId "902098"]
[WhiteElo "2519"]
[BlackElo "2452"]
[Result "1/2-1/2"]
[Round "09"]
[TimeControl "180+2"]
[Date "2023.04.18"]
[WhiteClock "0:00:09"]
[BlackClock "0:00:10"]

1. e4 e6 2. d3 d5 3. Nd2 Nf6 4. Ngf3 c5 5. g3 Nc6 6. Bg2 Be7 7. O-O O-O 8. Re1 b5 9. e5 Nd7 10. Nf1 a5 11. h4 b4 12. h5 h6 13. N1h2 Ba6 14. Ng4 Nd4 15. Bf4 Nxf3+ 16. Bxf3 Bg5 17. Qd2 Bxf4 18. Qxf4 Kh7 19. Bg2 a4 20. b3 Nb8 21. d4 cxd4 22. Qxd4 Nc6 23. Qe3 Qg5 24. Qxg5 hxg5 25. Rad1 Rfc8 26. f4 Ne7 27. Rd2 gxf4 28. gxf4 Rc3 29. Ne3 Bb7 30. Bf1 Ba6 31. Bh3 g6 32. Bg4 Rg8 33. Kf2 gxh5 34. Bxh5 Ng6 35. Rh1 Kg7 36. Bxg6 fxg6 37. Rd4 Rb8 38. Rg1 Kf7 39. Rg3 axb3 40. axb3 Bc8 41. Rh3 Kg7 42. Rh1 Bd7 43. Ra1 Rb7 44. Ra6 Kf7 45. Ra8 Kg7 46. Rd2 Rc5 47. Ng4 Rc8 48. Ra6 Kf7 49. Ne3 Rc6 50. Ra5 Rcb6 51. Rd4 Rb5 52. Ra6 Rc5 53. Ke1 Rc6 54. Ra5 Rcc7 55. Kd2 Rc8 56. Ng4 Rh8 57. Rc5 Ke7 58. Nf6 Rh2+ 59. Ke3 Rh3+ 60. Kf2 Rh2+ 61. Kg3 Re2 62. Rd1 Be8 63. Rh1 Bf7 64. Rh7 Re3+ 65. Kf2 Rc3 66. Rxc3 bxc3 67. Ke3 Rb4 68. Ng4 Kf8 69. Nh6 Be8 70. Rh8+ Ke7 71. Ng8+ Kf7 72. Nf6 Bc6 73. Rc8 Bb5 74. Rc7+ Kf8 75. Nd7+ Ke8 76. Nc5 d4+ 77. Kf3 d3 78. Nxd3 Bxd3 79. cxd3 Rxb3 80. Ke4 Kf8 81. d4 Ra3 82. Kd3 c2+ 83. Kxc2 Rf3 84. Rc6 Kf7 85. d5 exd5 86. Rf6+ Kg7 87. Kd2 Rg3 88. Ke2 d4 89. Rd6 Re3+ 90. Kf2 Rd3 91. Rd7+ Kh6 92. Ke2 Re3+ 93. Kf2 Rd3 94. Kg2 Kh5 95. e6 Re3 96. Rd5+ Kh6 97. Rd6 d3 98. Kf2 Re4 99. Kf3 Re1 100. Kg4 d2 101. Rxd2 Rxe6 102. Rd7 Rf6 103. Re7 Rd6 104. Re8 Rf6 105. Rh8+ Kg7 106. Ra8 Rf5 107. Ra7+ Rf7 108. Ra1 Rf6 109. Kg5 Rf5+ 110. Kg4 Rf7 111. Ra6 Rf6 112. Ra5 Rf7 113. Kg5 Rd7 114. Re5 Rf7 115. Kg4 Rf6 116. Re7+ Rf7 117. Re6 Rf6 118. Re3 Rf7 119. Rc3 Rf5 120. Rc6 Rf6 121. Rc5 Rf7 122. Kg5 Rd7 123. Ra5 Rf7 124. Rb5 Rd7 125. Rc5 Rf7 126. Rd5 Rb7 127. Re5 Rf7 128. Re6 Rf5+ 129. Kg4 Rd5 130. Ra6 Rd1 131. Ra7+ Kh6 132. Ra8 Rg1+ 133. Kf3 Rf1+ 134. Ke4 Re1+ 135. Kf3 Rf1+ 136. Kg3 Rg1+ 137. Kf2 Rc1 138. Ra3 Kh5 139. Kf3 Kh6 140. Ra7 Rf1+ 141. Kg3 Rg1+ 142. Kf2 Rc1 143. Ra8 Kh5 144. Ke3 Kg4 145. Ra5 Re1+ 146. Kf2 Re6 147. Ra4 Rf6 148. Ke3 Re6+ 149. Re4 Rxe4+ 150. Kxe4 Kg3 151. f5 gxf5+ 152. Kxf5 1/2-1/2


[Site "https://www.chess.com"]

[Event "Titled Tuesday Blitz April 18 Late 2023"]
[White "Deac, Bogdan-Daniel"]
[Black "Carlsen, Magnus"]
[WhiteFideId "1226380"]
[BlackFideId "1503014"]
[WhiteElo "2649"]
[BlackElo "2852"]
[Result "0-1"]
[Round "09"]
[TimeControl "180+2"]
[Date "2023.04.18"]
[WhiteClock "0:00:02"]
[BlackClock "0:01:11"]

1. d4 e6 2. Nf3 c5 3. e4 cxd4 4. Nxd4 Nc6 5. Bf4 d6 6. Nxc6 bxc6 7. c4 e5 8. Be3 Nf6 9. Nc3 Ng4 10. Bd2 Qb6 11. Qf3 Be7 12. h3 Nf6 13. b3 O-O 14. Bd3 Be6 15. O-O Nd7 16. Rad1 a5 17. Na4 Qc7 18. Qe2 g6 19. Bh6 Rfd8 20. Rc1 Nc5 21. Nxc5 dxc5 22. Bc2 Rd4 23. Be3 Qd8 24. Rcd1 h5 25. Bxd4 cxd4 26. f4 exf4 27. Rxf4 Bg5 28. Rf3 Qb6 29. Kh1 Qc5 30. Qf2 Be3 31. Qh4 Qe5 32. Qe1 a4 33. bxa4 Kg7 34. Rxe3 dxe3 35. Qxe3 h4 36. Bb3 c5 37. Qf2 g5 38. Rf1 Rd8 39. Re1 Rd3 40. Bc2 Rg3 41. Rf1 g4 42. Qf4 Qxf4 43. Rxf4 gxh3 44. gxh3 Rxh3+ 45. Kg1 Rc3 46. Bb3 h3 47. e5 Rg3+ 48. Kh1 Bc8 49. a5 Rg2 50. Bd1 Rxa2 51. Rh4 Ra1 52. e6 Rxd1+ 53. Kh2 Bxe6 0-1


[Site "https://www.chess.com"]

[Event "Titled Tuesday Blitz April 18 Late 2023"]
[White "Firouzja, Alireza"]
[Black "Terry, Renato"]
[WhiteFideId "12573981"]
[BlackFideId "3803457"]
[WhiteElo "2904"]
[BlackElo "2575"]
[Result "1-0"]
[Round "09"]
[TimeControl "180+2"]
[Date "2023.04.18"]
[WhiteClock "0:00:06"]
[BlackClock "0:00:04"]

1. d4 e6 2. c4 Bb4+ 3. Nd2 Nf6 4. e3 b6 5. Bd3 Bb7 6. Nf3 O-O 7. a3 Bxd2+ 8. Bxd2 Ne4 9. Qc2 f5 10. c5 d6 11. cxd6 cxd6 12. Rc1 Nd7 13. Qc7 Rb8 14. Qxd8 Rfxd8 15. Ke2 Rbc8 16. Rhd1 Ndf6 17. Be1 Kf8 18. Ng1 Ng5 19. f3 Nf7 20. Kf2 g6 21. Ne2 Ke7 22. Nc3 Nd5 23. Nxd5+ Bxd5 24. Ba6 Rxc1 25. Rxc1 Rd7 26. Bc8 Rd8 27. Rc7+ Kf8 28. Ba6 Ra8 29. Bb4 g5 30. h3 h5 31. g4 hxg4 32. hxg4 Kg8 33. Re7 Kf8 34. Rd7 Ke8 35. Rc7 Kf8 36. gxf5 exf5 37. Bd3 a5 38. Bd2 Be6 39. Rb7 Kg7 40. Rxb6 Rh8 41. Kg2 g4 42. fxg4 fxg4 43. e4 Rh3 44. Be2 g3 45. Bc3 Rh2+ 46. Kxg3 Rxe2 47. Kf3 Rc2 48. d5+ Rxc3+ 49. bxc3 Bd7 50. Ke3 Ne5 51. Kd4 Nf3+ 52. Ke3 Ne5 53. Ra6 a4 54. Kd4 Nf3+ 55. Kc4 Ne5+ 56. Kb4 Nd3+ 57. Ka5 Ne5 58. Kb6 Bg4 59. Kc7 Nc4 60. Rxa4 Nd2 61. Rd4 Nb3 62. Rb4 Nc5 63. Kxd6 Nd3 64. Rd4 Nc1 65. e5 Bf5 66. e6 Nb3 67. Rf4 Kg6 68. Rxf5 Kxf5 69. e7 1-0


[Site "https://www.chess.com"]

[Event "Titled Tuesday Blitz April 18 Late 2023"]
[White "Hakobyan, Aram"]
[Black "Rasulov, Vugar"]
[WhiteFideId "13306677"]
[BlackFideId "13402390"]
[WhiteElo "2584"]
[BlackElo "2509"]
[Result "1/2-1/2"]
[Round "09"]
[TimeControl "180+2"]
[Date "2023.04.18"]
[WhiteClock "0:00:05"]
[BlackClock "0:00:04"]

1. d4 Nf6 2. c4 e6 3. Nc3 Bb4 4. e3 O-O 5. a3 Bxc3+ 6. bxc3 d5 7. cxd5 Nxd5 8. c4 Ne7 9. Nf3 c5 10. Bd3 h6 11. O-O Nbc6 12. Bb2 b6 13. Qe2 Bb7 14. Rfd1 Qc7 15. dxc5 bxc5 16. Rab1 Rad8 17. Bxg7 Kxg7 18. Qb2+ e5 19. Qxb7 Qxb7 20. Rxb7 e4 21. Ne1 exd3 22. Nxd3 Ng6 23. Rbb1 Nce5 24. Nxc5 Nxc4 25. Rdc1 Nxa3 26. Rb7 Kg8 27. Nd7 Rc8 28. Ra1 Rfd8 29. Nf6+ Kg7 30. Nh5+ Kf8 31. Rxa7 Nc2 32. Rb1 Rb8 33. Rc1 Nb4 34. Ng3 Nd3 35. Rf1 Rb5 36. h3 h5 37. Rd1 Rbd5 38. e4 R5d7 39. Rxd7 Rxd7 40. Nxh5 Nc5 41. Rxd7 Nxd7 42. Ng3 Nc5 43. f3 Nd3 44. Nf5 Ngf4 45. Kf1 f6 46. h4 Kf7 47. g3 Ne6 48. Ke2 Ne5 49. f4 Nc6 50. Ke3 Nb4 51. h5 Nc2+ 52. Kd3 Nb4+ 53. Ke2 Nc2 54. Kd3 Nb4+ 55. Kc4 Nc2 56. Kd5 Nc7+ 57. Kd6 Nb5+ 58. Kd7 Ncd4 59. Nh6+ Kg7 60. Ng4 Ne2 61. f5 Nxg3 62. h6+ Kf7 63. Nxf6 Nd4 64. h7 Kg7 65. e5 Ngxf5 66. e6 Nxe6 67. Kxe6 Nd4+ 68. Ke5 Nf3+ 69. Kf5 Nh4+ 70. Kg5 Ng6 71. Kf5 Nf8 72. Nh5+ Kxh7 1/2-1/2


[Site "https://www.chess.com"]